 Dungeon Sprint DCSS version 0.29.1-12-g30fa7ad0bf (webtiles) character file.

Game seed: 2698592838988345308

2172 Groucho the Unseen (level 9, -24/39 HPs)
             Began as a Spriggan Enchanter on Dec 26, 2022.
             Was a Follower of Dithmenos.
             Killed from afar by a hell hog (39 damage)
             ... with a fireball
             ... in the Dungeon (Sprint II: "The Violet Keep of Menkaure").
             The game lasted 00:04:39 (231 turns).

Groucho the Unseen (Spriggan Enchanter)              Turns: 231, Time: 00:04:40

Health: -24/39     AC:  2    Str:  6    XL:     9   Next: 11%
Magic:  12/25      EV: 21    Int: 18    God:    Dithmenos [*.....]
Gold:   529        SH:  0    Dex: 16    Spells: 14/30 levels left

rFire   . . .      SeeInvis +   a - +1 dagger
rCold   . . .      Faith    .   (no shield)
rNeg    . . .      Spirit   .   b - +0 robe
rPois   .          Reflect  .   (helmet restricted)
rElec   .          Harm     .   (no cloak)
rCorr   .          Rampage  .   (gloves unavailable)
Will    +....      NoTele   +   (boots unavailable)
Stlth   +++++++...              (no amulet)
HPRegen 0.13/turn               f - ring of flight
MPRegen 0.19/turn               (no ring)

@: flying, wreathed by umbra, very quick
A: very small, no large weapons, unfitting armour, see invisible, speed 3
a: Renounce Religion


You were in the Dungeon.
You worshipped Dithmenos.
Dithmenos was aware of your devotion.
You visited 1 branch You collected 972 gold pieces.
You spent 443 gold pieces at shops.

Inventory:

Hand Weapons
 a - a +1 dagger (weapon)
Armour
 b - a +0 robe (worn)
Jewellery
 f - a ring of flight (left hand)
Scrolls
 i - a scroll of blinking
Potions
 c - a potion of invisibility
 d - a potion of curing
 e - 2 potions of heal wounds
 g - 2 potions of magic
 h - a potion of berserk rage


   Skills:
 - Level 10.0 Short Blades
 + Level 8.0 Dodging
 - Level 16.0 Stealth
 + Level 11.2 Spellcasting
 * Level 3.6 Conjurations
 + Level 11.4 Hexes
 * Level 4.4 Earth Magic


You had 14 spell levels left.
You knew the following spells:

 Your Spells              Type           Power      Damage    Failure   Level
a - Ensorcelled Hibernat  Hex/Ice        60%        N/A       1%          2
b - Confusing Touch       Hex            50%        N/A       1%          3
c - Dazzling Flash        Conj/Hex       74%        N/A       1%          3
d - Tukima's Dance        Hex            50%        N/A       1%          3
e - Passwall              Tmut/Erth      15%        N/A       4%          2
f - Stone Arrow           Conj/Erth      48%        3d10      4%          3

Your spell library contained the following spells:

 Spells                   Type           Power      Damage    Failure   Level
 Sandblast                Erth           50%        2d12      1%          1


Dungeon Overview and Level Annotations

Branches:
Dungeon (1/1)

Altars:
Cheibriados
Dithmenos
Elyvilon
Fedhas
Gozag
Hepliaklqana
Kikubaaqudgha
Makhleb
Nemelex Xobeh
Okawaru
Qazlal
Ru
Sif Muna
Trog
Uskayaw
Vehumet
Wu Jian
Xom
Yredelemnul
Zin
The Shining One
Jiyva
Lugonu

Shops:
D *:=(!==?:[([(!!

Annotations:
D exclusion: oklob plant


Innate Abilities, Weirdness & Mutations

You are very small and have problems with some larger weapons.
You are too small for most types of armour.
You have supernaturally acute eyesight. (SInv)
You cover ground extremely quickly. (Speed+++)


Message History

A hell hog comes into view.
The hell hog bites you!
Found 81 gold pieces.
Casting: Ensorcelled Hibernation (safe; 1% risk of failure)
Confirm with . or Enter, or press ? or * to list all spells.
Aiming: Ensorcelled Hibernation (safe; 1% risk of failure)
Press: ? - help, Shift-Dir - straight line, f - hell hog
Aim: a hell hog (umbra, chance to affect: 39%)
The hell hog looks drowsy...
The helpless hell hog fails to defend itself.
You spit the hell hog like the proverbial pig!!!!
You kill the hell hog!
Dithmenos accepts your kill.
Training target 10.0 for Short Blades reached!
Your Short Blades skill increases to level 10!
Your Dodging skill gained 2 levels and is now at level 8!
Your Spellcasting skill increases to level 11!
Your Conjurations skill increases to level 3!
Your Earth Magic skill gained 2 levels and is now at level 4!
You have reached level 9!
Your experience leads to an increase in your attributes!
Increase (S)trength, (I)ntelligence, or (D)exterity?
You feel clever. x2
Unknown command.
Casting: Ensorcelled Hibernation (safe; 1% risk of failure)
Confirm with . or Enter, or press ? or * to list all spells.
Aiming: Ensorcelled Hibernation (safe; 1% risk of failure)
Press: ? - help, Shift-Dir - straight line, f - hell hog
Aim: a hell hog (umbra, chance to affect: 42%)
The hell hog resists with some effort.
The hell hog bites you!
Casting: Ensorcelled Hibernation (safe; 1% risk of failure)
Confirm with . or Enter, or press ? or * to list all spells.
Aiming: Ensorcelled Hibernation (safe; 1% risk of failure)
Press: ? - help, Shift-Dir - straight line, f/p - hell hog
Aim: a hell hog (umbra, chance to affect: 42%)
The hell hog resists with some effort.
The hell hog breathes fire at you.
The fireball explodes!
The fireball engulfs you!!!
Ouch! That really hurt!
You die...

+# ..### # ...# #+++# ...#
.... .^# ~.## ## ####.# ~##.
.##.####$.h.### ~#.)#..# ...#
#@..# ###...####..#####..# ?((
†###'###.##..#$.'^.# ▓$=$!!
†.##.##...#..#†$#..# ▓?$$([)
##'.<.'.##'..####..### ▓![)!$!
..##.##.†.#....###...##▓▓▓▓▓▓▓
†###'###†##§§§...~~~~~~~~~~~~~
###.#.####~~§.§..~#†########+#
~#.###.#~~~~~~~..~#....._..#~§


You could see a hell hog (catching breath).

Vanquished Creatures
  A hell hog (D)
  A merfolk siren (D)
  4 wyverns (D)
  Menkaure (D)
  2 water moccasins (D)
  4 necrophages (D)
  4 scorpions (D)
17 creatures vanquished.

Notes
Turn   | Place    | Note
-------+----------+-------------------------------------------
     0 | D        | Groucho the Spriggan Enchanter began the quest for the Orb.
     0 | D        | Reached XP level 1. HP: 9/9 MP: 5/5
     3 | D        | Noticed a scorpion
     3 | D        | Noticed a scorpion
     3 | D        | Noticed a scorpion
     3 | D        | Noticed a scorpion
     6 | D        | Killed a scorpion
     7 | D        | Reached skill level 8 in Stealth
     7 | D        | Reached skill level 5 in Hexes
     7 | D        | Reached XP level 2. HP: 13/13 MP: 5/8
     7 | D        | Reached XP level 3. HP: 16/16 MP: 6/10
     7 | D        | Killed a scorpion
     8 | D        | Reached skill level 10 in Stealth
     8 | D        | Reached skill level 5 in Spellcasting
     8 | D        | Reached XP level 4. HP: 21/21 MP: 6/12
    10 | D        | Killed a scorpion
    11 | D        | Reached skill level 5 in Short Blades
    11 | D        | Reached skill level 11 in Stealth
    11 | D        | Reached XP level 5. HP: 24/24 MP: 6/14
    21 | D        | Reached skill level 12 in Stealth
    24 | D        | Noticed a merfolk siren
    27 | D        | Killed a merfolk siren
    28 | D        | Reached skill level 15 in Stealth
    28 | D        | Reached XP level 6. HP: 28/28 MP: 7/18
    28 | D        | Reached XP level 7. HP: 32/32 MP: 7/20
    36 | D        | Reached skill level 16 in Stealth
    45 | D        | Noticed a wyvern
    45 | D        | Noticed a wyvern
    48 | D        | Killed a wyvern
    49 | D        | Reached skill level 10 in Hexes
    51 | D        | Killed a wyvern
    52 | D        | Reached skill level 5 in Dodging
    52 | D        | Reached skill level 10 in Spellcasting
    52 | D        | Reached XP level 8. HP: 36/36 MP: 9/23
    73 | D        | Found Dosiqomots's Distillery.
    73 | D        | Found Zecwelah's Distillery.
    73 | D        | Found Peippuruxt's Antique Weapon Shop.
    73 | D        | Found Anoappyipp's Antique Armour Shop.
    73 | D        | Found Pedghidwe's Book Boutique.
    73 | D        | Found Niegenn's Antique Armour Boutique.
    73 | D        | Found Biakiysh's Magic Scroll Shop.
    77 | D        | Learned a level 2 spell: Ensorcelled Hibernation
    81 | D        | Learned a level 3 spell: Confusing Touch
    85 | D        | Learned a level 3 spell: Dazzling Flash
    89 | D        | Learned a level 3 spell: Tukima's Dance
    89 | D        | Found Xos Icol's Jewellery Shop.
    90 | D        | Found Hifoint's Weapon Boutique.
    90 | D        | Found Jeosar's Jewellery Shop.
    90 | D        | Found Nael's Distillery.
   106 | D        | Found Efrisil's Antique Weapon Shop.
   106 | D        | Found Muiri's Jewellery Boutique.
   106 | D        | Noticed a fire dragon
   106 | D        | Noticed an oklob plant
   107 | D        | Found Jeng's General Store.
   107 | D        | Found Saudal's Book Shoppe.
   112 | D        | Noticed an unseen horror
   113 | D        | Noticed an unseen horror
   123 | D        | Bought a book of Geomancy for 198 gold pieces
   126 | D        | Learned a level 2 spell: Passwall
   130 | D        | Learned a level 3 spell: Stone Arrow
   130 | D        | Noticed a slime creature
   138 | D        | Noticed a slime creature
   152 | D        | Bought a ring of flight for 175 gold pieces
   163 | D        | Bought a potion of heal wounds for 70 gold pieces
   181 | D        | Noticed Menkaure
   185 | D        | Killed Menkaure
   187 | D        | Found a blossoming altar of Fedhas.
   187 | D        | Found an opulent altar of Gozag.
   188 | D        | Found a white marble altar of Elyvilon.
   188 | D        | Found a burning altar of Makhleb.
   191 | D        | Found an iron altar of Okawaru.
   193 | D        | Found a sparkling altar of Nemelex Xobeh.
   194 | D        | Found a radiant altar of Vehumet.
   195 | D        | Found a corrupted altar of Lugonu.
   195 | D        | Found a shadowy altar of Dithmenos.
   195 | D        | Found a hide-covered altar of Uskayaw.
   196 | D        | Found an ancient bone altar of Kikubaaqudgha.
   196 | D        | Found a bloodstained altar of Trog.
   196 | D        | Found a snail-covered altar of Cheibriados.
   196 | D        | Found a glowing silver altar of Zin.
   197 | D        | Found a shimmering blue altar of Sif Muna.
   197 | D        | Found a basalt altar of Yredelemnul.
   197 | D        | Found a viscous altar of Jiyva.
   197 | D        | Noticed a flying skull
   201 | D        | Noticed a flying skull
   202 | D        | Found an ornate altar of the Wu Jian Council.
   202 | D        | Found a shimmering altar of Xom.
   202 | D        | Found a sacrificial altar of Ru.
   202 | D        | Found a glowing golden altar of the Shining One.
   202 | D        | Found a stormy altar of Qazlal.
   202 | D        | Found a hazy altar of Hepliaklqana.
   202 | D        | Noticed a flying skull
   202 | D        | Noticed a flying skull
   207 | D        | Became a worshipper of Dithmenos the Shadowed
   214 | D        | Reached skill level 1 in Conjurations
   214 | D        | Reached skill level 1 in Earth Magic
   223 | D        | Reached * piety under Dithmenos
   227 | D        | Noticed a hell hog
   227 | D        | Noticed a hell hog
   229 | D        | Killed a hell hog
   230 | D        | Reached skill level 10 in Short Blades
   230 | D        | Reached XP level 9. HP: 24/39 MP: 15/25
   231 | D        | Killed from afar by a hell hog

Illustrated notes

Levels and vault maps discovered:
D:        the_violet_keep_of_menkaure [sprint2_stairs_cluster_1,
          sprint2_shoproom, sprint2_temple, sprint2_basic_supplies,
          sprint2_obstacle_3, sprint2_obstacle_1, sprint2_obstacle_7,
          sprint2_obstacle_6, sprint2_obstacle_4, sprint2_timed_cluster_1,
          sprint2_smallroom_cluster_1, sprint2_smallroom_final_cluster_1,
          sprint2_transparent_cluster_1, sprint2_second_timed_cluster_1,
          sprint2_sniper_area_1, sprint2_heavy_combat_area_1,
          sprint2_mutation_trap_area_1, sprint2_forest_area_1,
          sprint2_light_combat_area_1, sprint2_behind_water_1,
          sprint2_near_end_vault_1]

Skill      XL: |  1  2  3  4  5  6  7  8 |
---------------+-------------------------+-----
Short Blades   | 3 4 5 7 9 10 | 10.0
Stealth        | 8 10 11 15 16 | 16.0
Spellcasting   | 4 5 6 8 10 11 | 11.2
Hexes          | 5 6 9 10 11 | 11.4
Dodging        | 5 8 |  8.0
Conjurations   | 3 |  3.6
Earth Magic    | 4 |  4.4

Action                   |  1- 3 |  4- 6 |  7- 9 || total
-------------------------+-------+-------+-------++-------
Melee: Dagger            |     2 |    12 |    13 ||    27
 Cast: Ensorcelled Hiber |       |       |     6 ||     6
       Confusing Touch   |       |       |     1 ||     1
       Passwall          |       |       |     1 ||     1
  Use: Potion            |     2 |       |       ||     2
 Stab: Sleeping          |     2 |     2 |    11 ||    15
       Invisible         |       |     1 |       ||     1
       Confused          |       |       |     1 ||     1
Dodge: Dodged            |       |     4 |     6 ||    10
